 Dungeon Crawl Stone Soup version 0.29-a0-878-g7b45a56547 (webtiles) character file.

Game seed: 10527127920751957226

93 Malachi the Changer (level 4, -5/33 (34) HPs)
             Began as a Demigod Transmuter on July 20, 2022.
             Slain by Crazy Yiuf
             ... wielding a +3 quarterstaff of chaos
              (15 damage)
             ... on level 3 of the Dungeon.
             The game lasted 00:03:12 (3749 turns).

Malachi the Changer (Demigod Transmuter)            Turns: 3749, Time: 00:03:13

HP:   -5/33 (34)    AC:  2    Str: 11    XL:     4   Next: 14%
MP:   6/9           EV: 24    Int: 19    God:
Gold: 138           SH:  0    Dex: 19    Spells: 2/6 levels left

rFire   . . .      SeeInvis .     - Unarmed
rCold   . . .      Faith    .   (shield currently unavailable)
rNeg    . . .      Spirit   .   (body armour currently unavailable)
rPois   x          Reflect  .   (helmet currently unavailable)
rElec   .          Harm     .   (cloak currently unavailable)
rCorr   .          Rampage  .   (gloves currently unavailable)
Will    .....                   (boots currently unavailable)
Stlth   ++........              (no amulet)
HPRegen 0.11/turn               (no ring)
MPRegen 0.11/turn               (no ring)

@: agile, spider-form, lightly drained
A: venomous fangs, tiny, high MP 1, forlorn, divine attributes
a: End Transformation


You were on level 3 of the Dungeon.
You were a venomous arachnid creature.
You visited 1 branch of the dungeon, and saw 3 of its levels.

You collected 138 gold pieces.

Inventory:

Hand Weapons
 d - a +1 whip of venom
 j - the +10 whip of Oenomania (melded) {holy, *Slow rC+ Str+4}
   (You found it on level 3 of the Dungeon)

   It has been blessed by the Shining One to cause great damage to the undead
   and demons.
   Str:       It affects your strength (+4).
   rC:        It protects you from cold.
   *Slow:     It may slow you when you take damage.
Missiles
 h - 4 poisoned darts
Armour
 a - a +0 robe (melded)
 c - a +0 cloak (melded)
Scrolls
 f - a scroll of enchant weapon {unknown}
 g - 4 scrolls of identify {unknown}
 i - a scroll of noise {unknown}
 k - a scroll of summoning {unknown}
 l - a scroll of magic mapping {unknown}
 n - 3 scrolls of amnesia {unknown}
Potions
 b - 2 potions of lignification
 e - a potion of ambrosia {unknown}
 m - a potion of heal wounds {unknown}
 o - a potion of invisibility {unknown}


   Skills:
 - Level 0.8 Fighting
 - Level 1.7 Dodging
 - Level 2.6 Unarmed Combat
 - Level 1.7 Spellcasting
 + Level 3.2 Transmutations
 + Level 2.5 Poison Magic


You had 2 spell levels left.
You knew the following spells:

 Your Spells              Type           Power      Damage    Failure   Level
a - Beastly Appendage     Tmut           26%        N/A       14%         1
b - Spider Form           Tmut/Pois      12%        N/A       34%         3

Your spell library contained the following spells:

 Spells                   Type           Power      Damage    Failure   Level
 Wereblood                Tmut           13%        N/A       19%         2
 Passwall                 Tmut/Erth      5%         N/A       32%         2
 Sandblast                Erth           2%         2d4       36%         1
 Ensorcelled Hibernation  Hex/Ice        2%         N/A       47%         2
 Stone Arrow              Conj/Erth      2%         3d7       67%         3
 Swiftness                Air            1%         N/A       67%         3
 Ice Form                 Ice/Tmut       7%         N/A       83%         4


Dungeon Overview and Level Annotations

Branches:
Dungeon (3/15)

Annotations:
D:3 Crazy Yiuf


Innate Abilities, Weirdness & Mutations

You are a venomous arachnid creature.
You have poisonous fangs.
You are tiny and dextrous.
Your spellcasting is less reliable in this form.
Your armour is entirely melded.
You are incapable of wielding weapons or throwing items.
You have an increased reservoir of magic. (+10% MP)
You shall have no god before yourself.
Your divine heritage dramatically boosts your attributes as you level up.


Message History

The fungus is lightly damaged.
You hit the fungus.
The fungus is lightly damaged.
You completely miss the fungus.
The fungus is lightly damaged.
A nearby fungus withers and dies.
Found a warped hammer.
Found a runed translucent door.
Press: ? - help, v - describe, . - travel
Here: Crazy Yiuf, wielding a +3 quarterstaff of chaos, wearing a +0 cloak of stealth and carrying a wand of roots (9) (fire blocked by a runed translucent door)
The floor.
Unknown command.
Casting: Beastly Appendage (safe; 4% risk of failure)
Confirm with . or Enter, or press ? or * to list all spells.
Okay, then.
Unknown command.
Crazy Yiuf glowers.
Casting: Beastly Appendage (safe; 4% risk of failure)
Confirm with . or Enter, or press ? or * to list all spells.
The spell is quite dangerous to miscast (16% risk of failure)!
Continue anyway?
You turn into a venomous arachnid creature.
The +10 whip of Oenomania {holy, *Slow rC+ Str+4} melds into your body.
Your +0 cloak melds into your body.
Your +0 robe melds into your body.
The +10 whip of Oenomania {holy, *Slow rC+ Str+4} stops glowing.
Unknown command.
You open the door. You hit Crazy Yiuf.
Crazy Yiuf is poisoned.
Crazy Yiuf is moderately wounded.
Crazy Yiuf barely misses you.
You hit Crazy Yiuf.
Crazy Yiuf looks as sick as possible!
Crazy Yiuf is moderately wounded.
Crazy Yiuf hits you with a +3 quarterstaff of chaos!
You feel agile all of a sudden.
You hit Crazy Yiuf.
Crazy Yiuf looks as sick as possible!
Crazy Yiuf is heavily wounded.
Crazy Yiuf yells, "Powder!
You bush sing-song."
Crazy Yiuf hits you with a +3 quarterstaff of chaos!
You feel drained. Crazy Yiuf attacks as you move away!
Crazy Yiuf hits you with a +3 quarterstaff of chaos!
You die...

##.#
#.....##.............##.##.
...#
########....#####.......##.
#### ##..## #.##.##.##.
♣PP.P♣ #.......### ♣♣♣P.♣
####.##.... ♣.♣♣ #.....####
♣♣.♣ #.....# # ♣.♣♣ #.....#
# ♣♣s♣ #.....# ♣g♣♣ #.....#
#'# ####### ... ##### #...#
##...## #)..# ####.....##
##### #.)........
#.##.<...##
########.###...##


You could see Crazy Yiuf (extremely poisoned).

Vanquished Creatures
  3 adders
  A dart slug (D:2)
  An orc (D:3)
  7 ball pythons
  10 bats
  6 endoplasms
  5 giant cockroaches
  4 goblins
  4 hobgoblins
  2 quokkas
  3 frilled lizards
  10 kobolds
  4 rats
60 creatures vanquished.

Vanquished Creatures (others)
  A fungus (D:3)
1 creature vanquished.

Grand Total: 61 creatures vanquished

Notes
Turn   | Place    | Note
-------+----------+-------------------------------------------
     0 | D:1      | Malachi the Demigod Transmuter began the quest for the Orb.
     0 | D:1      | Reached XP level 1. HP: 15/15 MP: 5/5
   163 | D:1      | Reached skill level 2 in Transmutations
   252 | D:1      | Reached skill level 1 in Poison Magic
   274 | D:1      | Reached XP level 2. HP: 22/22 MP: 4/7
   794 | D:1      | HP: 1/22 [poisoned by a kobold]
  1689 | D:2      | Reached XP level 3. HP: 25/27 MP: 6/8
  1693 | D:2      | Learned a level 3 spell: Spider Form
  2560 | D:2      | Reached skill level 3 in Transmutations
  2838 | D:3      | Reached XP level 4. HP: 22/34 MP: 9/9
  3051 | D:3      | Identified the +10 whip of Oenomania {holy, *Slow rC+
                  | Str+4}
  3739 | D:3      | Found a runed translucent door.
  3740 | D:3      | Noticed Crazy Yiuf
  3749 | D:3      | Slain by Crazy Yiuf

Illustrated notes

Levels and vault maps discovered:
D:1:      lightli_arrival_flooded_house, layout_basic, chequers_decorated_corner
D:2:      layout_loops_ring, grunt_ministairs_15, grunt_decor_cap,
          chequers_avenue
D:3:      layout_loops_cross, bloody_makhleb, nicolae_vehumet_radiance,
          chequers_serial_rivers_micro_e, uniq_crazy_yiuf_cottage

Skill      XL: |  1  2  3 |
---------------+----------+-----
Transmutations | 2 3 |  3.2
Poison Magic   | 1 2 |  2.5
Fighting       | |  0.8
Dodging        | |  1.7
Unarmed Combat | |  2.6
Spellcasting   | |  1.7

Action                   |  1- 3 |  4- 6 || total
-------------------------+-------+-------++-------
Melee: Unarmed           |    59 |     3 ||    62
       Kick              |    22 |       ||    22
       Headbutt          |     4 |       ||     4
       Whip              |    76 |    29 ||   105
       Punch             |     1 |       ||     1
 Cast: Beastly Appendage |    22 |       ||    22
       Spider Form       |       |     1 ||     1
Armor: Robe              |    50 |     9 ||    59
Dodge: Dodged            |    99 |    14 ||   113

Table legend: (Time is in decaauts)
 A = Elapsed time spent in this place.
 B = Non-inter-level travel time spent in this place.
 C = Inter-level travel time spent in this place.
 D = Time resting spent in this place.
 E = Time spent auto-exploring this place.
 F = Levels seen in this place.
 G = Mean time per level.
                   A        B        C        D        E       F      G
               +--------+--------+--------+--------+--------+-----+--------+
         Total |   3755 |   3718 |     37 |    524 |   2744 |   3 | 1251.7 |
       Dungeon |   3755 |   3718 |     37 |    524 |   2744 |   3 | 1251.7 |
               +--------+--------+--------+--------+--------+-----+--------+

Top non-repeatable levels by time:
     D:1: 1676 daAuts
     D:2: 1155 daAuts
     D:3: 923 daAuts
